 Dungeon Crawl Stone Soup version 0.17-a0-1636-g3119f2b (webtiles) character file.

238 PoeticJustice the Poker (level 6, 0/49 HPs)
             Began as a Merfolk Gladiator on Aug 6, 2015.
             Was a Follower of Fedhas.
             Succumbed to UristMcKoga's ghost's poison
             ... on level 3 of the Dungeon.
             The game lasted 00:15:09 (1724 turns).

PoeticJustice the Poker (Merfolk Gladiator)         Turns: 1724, Time: 00:15:09

Health: 0/49       AC:  4    Str: 15    XL:     6   Next: 7%
Magic:  14/17      EV: 14    Int:  8    God:    Fedhas [*.....]
Gold:   158        SH:  0    Dex: 16    Spells: 0 memorised, 5 levels left

rFire  . . .     SeeInvis .     a - +1 trident
rCold  . . .     Clarity  .     b - +0 leather armour
rNeg   . . .     SustAt   .     (no shield)
rPois  .         Gourm    .     c - +0 helmet
rElec  .         Spirit   .     (no cloak)
rCorr  .         Warding  .     (no gloves)
rMut   .         Stasis   .     (no boots)
MR     .....                    (no amulet)
Stlth  ++........               (no ring)
                                k - ring of magical power

@: lethally poisoned (0 -> -7), flying, not resistant to hostile enchantments,
unstealthy
A: change form in water, swift swim
a: Evolution, Renounce Religion


You were on level 3 of the Dungeon.
You worshipped Fedhas.
Fedhas was aware of your devotion.
You were not hungry.

You visited 1 branch of the dungeon, and saw 3 of its levels.

You collected 158 gold pieces.

Inventory:

Hand weapons
 a - a +1 trident (weapon)
Missiles
 d - 4 throwing nets (quivered)
 j - 3 poisoned sling bullets
Armour
 b - a +0 leather armour (worn)
 c - a +0 helmet (worn)
 m - a +0 naga barding
 t - a +2 robe of magic resistance
Jewellery
 k - a ring of magical power (left hand)
Scrolls
 f - 3 scrolls of remove curse
 g - a scroll of teleportation
 q - 2 scrolls of amnesia
 r - a scroll of identify
Potions
 i - a potion of agility
 n - a potion of magic
Comestibles
 e - a bread ration
 h - 3 chunks of flesh
 s - a meat ration


   Skills:
 + Level 4.3 Fighting
 - Level 4.4 Polearms
 - Level 2.0 Throwing
 - Level 4.0 Dodging
 + Level 3.9 Stealth
 * Level 3.0 Invocations


You had 5 spell levels left.
You didn't know any spells.

Dungeon Overview and Level Annotations

Branches:
Dungeon (3/15)

Altars:
Fedhas
Kikubaaqudgha


Message History

It was a potion of flight.
You feel very buoyant.
You fly up into the air.
* * * LOW HITPOINT WARNING * * *
You feel sick.
Drink which item? (? for menu, Esc to quit)
It was a potion of cure mutation.
It has a very clean taste.
* * * LOW HITPOINT WARNING * * *
You feel sick.
There is a lethal amount of poison in your body!
Drink which item? (? for menu, Esc to quit)
You can't drink that!
Read which item? (? for menu, Esc to quit)
Okay, then.
* * * LOW HITPOINT WARNING * * *
You feel sick.
* * * LOW HITPOINT WARNING * * *
You feel sick.
You die...
Fedhas appreciates your contribution to the ecosystem.

...####.# ###### #.# ......#.#
#.# ......#.# #.# ....%.#.#
##'## ........#####
#####...########
..>..........................+
..........########....########
.....(.##.#.....#<.#....)....#
....(..(........@.f..........+
.......##.#.###.#..#######...#
......###.#.###.#.## #)..#
####### #.#...#.###........###
#.#<..#. ......... #.#####.
.....$.... #.. .. .......####
#.. .. ....... .......


You could see a friendly wandering mushroom.

Vanquished Creatures
  Jessica (D:2)
  Terence (D:2)
  A gnoll (D:1)
  A worm (D:2)
  6 bats
  A giant cockroach (D:2)
  6 goblins
  11 hobgoblins
  A ball python (D:1)
  A giant newt (D:1)
  5 kobolds
  4 rats
39 creatures vanquished.

Vanquished Creatures (collateral kills)
  The ghost of UristMcKoga the Slasher, an average DsWr of Ashenzari (D:3)
1 creature vanquished.

Vanquished Creatures (others)
  A toadstool (D:3)
1 creature vanquished.

Grand Total: 41 creatures vanquished

Notes
Turn   | Place    | Note
--------------------------------------------------------------
     0 | D:1      | PoeticJustice the Merfolk Gladiator began the quest for the Orb.
     0 | D:1      | Reached XP level 1. HP: 16/16 MP: 1/1
   187 | D:1      | Reached skill level 1 in Stealth
   187 | D:1      | Reached XP level 2. HP: 18/23 MP: 2/2
   355 | D:1      | Reached XP level 3. HP: 24/29 MP: 3/3
  1091 | D:2      | Found a faded altar to an unknown god.
  1094 | D:2      | Noticed Terence
  1121 | D:2      | Killed Terence
  1121 | D:2      | Reached XP level 4. HP: 17/37 MP: 4/4
  1140 | D:2      | Became a worshipper of Fedhas Madash
  1140 | D:2      | Acquired Fedhas's first power
  1144 | D:2      | Found an ancient bone altar of Kikubaaqudgha.
  1359 | D:2      | Noticed Jessica
  1367 | D:2      | Killed Jessica
  1367 | D:2      | Reached skill level 1 in Invocations
  1690 | D:3      | Noticed UristMcKoga's ghost (average DsWr)
  1715 | D:3      | Killed UristMcKoga's ghost
  1715 | D:3      | Reached XP level 5. HP: 9/43 MP: 7/7
  1715 | D:3      | Reached XP level 6. HP: 10/49 MP: 8/8
  1722 | D:3      | HP: 2/49 [poisoned by UristMcKoga's ghost]
  1724 | D:3      | Succumbed to UristMcKoga's ghost's poison

Vault maps used:
D:1:      minmay_arrival_checkered_box, hangedman_decor_opposing,
          roderic_lattice_a
D:2:      kiku_gazebo_garden_becter, ecumenical_altar_2, uniq_jessica,
          uniq_terence
D:3:      grunt_dithmenos_smoke, first_bread, serial_bayou_ford_a

Action                   |  1- 3 |  4- 6 || total
-------------------------+-------+-------++-------
Melee: Trident           |    83 |    33 ||   116
Invok: Evolution         |       |     1 ||     1
  Use: Scroll            |    10 |     1 ||    11
       Potion            |       |     4 ||     4
 Stab: Sleeping          |     4 |     1 ||     5
  Eat: Chunk             |     1 |       ||     1
       Bread ration      |       |     1 ||     1
